 Dungeon Crawl Stone Soup version 0.28.0-53-g5a82cb258f (webtiles) character file.

Game seed: 5662742552131414651

1999 raph the Spear-Bearer (level 9, -6/64 (65) HPs)
             Began as a Merfolk Gladiator on June 1, 2022.
             Was a Priest of Makhleb.
             Mangled by Maggie
             ... wielding a +0 war axe of flaming
              (17 damage)
             ... on level 6 of the Dungeon.
             The game lasted 00:08:10 (6929 turns).

raph the Spear-Bearer (Merfolk Gladiator)           Turns: 6929, Time: 00:08:11

HP:   -6/64 (65)    AC: 17    Str: 15    XL:     9   Next: 21%
MP:   11/11         EV: 10    Int:  7    God:    Makhleb [***...]
Gold: 297           SH: 14    Dex: 19    Spells: 8/8 levels left

rFire   . . .      SeeInvis .   a - +2 trident (protect)
rCold   . . .      Faith    .   r - +0 tower shield
rNeg    . . .      Spirit   .   e - +0 ring mail
rPois   .          Reflect  .   c - +1 helmet
rElec   .          Harm     .   i - +1 cloak
rCorr   .          Rampage  .   f - +0 pair of gloves
Will    .....                   (no boots)
Stlth   +.........              (no amulet)
HPRegen 0.20/turn               (no ring)
MPRegen 0.12/turn               (no ring)

@: under a protective aura, mesmerised, lightly drained
A: (nimble swimmer 2), mertail
a: Renounce Religion, Minor Destruction, Lesser Servant of Makhleb


You were on level 6 of the Dungeon.
You worshipped Makhleb.
Makhleb was most pleased with you.
You visited 1 branch of the dungeon, and saw 9 of its levels.

You collected 297 gold pieces.

Inventory:

Hand Weapons
 a - a +2 trident of protection (weapon)
 q - a +0 halberd
Missiles
 b - 3 javelins
 d - 2 throwing nets
 l - 2 atropa-tipped darts
 m - 5 poisoned darts (quivered)
Armour
 c - a +1 helmet (worn)
 e - a +0 ring mail (worn)
 f - a +0 pair of gloves (worn)
 i - a +1 cloak (worn)
 r - a +0 tower shield (worn)
Jewellery
 k - a ring of wizardry
 w - a ring of ice
Wands
 o - a wand of iceblast (6)
 A - a wand of flame (13)
Scrolls
 t - 4 scrolls of teleportation
 y - a scroll of summoning
Potions
 g - a potion of curing
 h - a potion of ambrosia
 j - a potion of might
 p - a potion of attraction
 s - a potion of berserk rage {unknown}
 u - a potion of lignification {unknown}
 v - a potion of cancellation
 z - a potion of resistance {unknown}


   Skills:
 + Level 4.2 Fighting
 + Level 13.5 Polearms
 - Level 2.0 Throwing
 + Level 2.2 Armour
 + Level 5.9 Dodging
 + Level 2.9 Shields
 + Level 3.2 Invocations


You had 8 spell levels left.
You didn't know any spells.
Your spell library contained the following spells:

 Spells                   Type           Power      Damage    Failure   Level
 Sandblast                Erth           0%         2d4       100%        1
 Passwall                 Tmut/Erth      0%         N/A       100%        2
 Dazzling Flash           Conj/Hex       0%         N/A       100%        3
 Stone Arrow              Conj/Erth      0%         3d7       100%        3
 Iskenderun's Mystic Bla  Conj/Tloc      0%         2d3       100%        4
 Starburst                Conj/Fire      0%         6d3       100%        6


Dungeon Overview and Level Annotations

Branches:
Dungeon (9/15)             Temple (0/1) D:5
   Lair: D:8-11         Orc: D:9-12

Altars:
Makhleb
Trog
The Shining One

Annotations:
D:4 1 runed translucent door, MisterFreud's ghost, amateur OpCj
D:6 Maggie


Innate Abilities, Weirdness & Mutations

((You are very nimble when in or above water. (Stealth+, EV+, Speed+++)))
Your lower body shifts to a powerful aquatic tail in water.


Message History

Maggie attempts to bespell you!
You are mesmerised by Maggie!
You puncture Maggie!
Maggie is heavily wounded.
You block Maggie's attack.
You closely miss Maggie.
Maggie is heavily wounded.
Maggie mumbles some strange words.
Maggie draws you further into her thrall.
You barely miss Maggie.
Maggie is heavily wounded.
Maggie casts a spell at you. The bolt of fire hits you!!
Ouch! That really hurt!
* * * LOW HITPOINT WARNING * * *
You are too injured to fight recklessly!
You are too injured to fight recklessly!
You are too injured to fight recklessly!
You are too injured to fight recklessly!
You are too injured to fight recklessly!
You puncture Maggie!
Maggie is severely wounded.
You block Maggie's attack.
You puncture Maggie!
Maggie is almost dead.
You block Maggie's attack.
You hit Maggie.
Maggie is almost dead.
You block Maggie's attack.
You barely miss Maggie.
Maggie is almost dead.
Maggie gestures at you while chanting. The bolt of fire misses you.
You puncture Maggie!
Maggie is almost dead.
You block Maggie's attack.
You closely miss Maggie.
Maggie is almost dead.
Maggie hits you with a +0 war axe of flaming!
You die...

# ###### ## .(..#.. ..
.#.#.# #. ## ..#.### #.
#(# ##.....# #.
#..###......######.
#.##.#.#.#..............
#.....@@.........###.##.
#.##...#####.....# #.##.
#...## ###.### #.##.
##....# #.# #.##.
......# #.#####.##[
###....# #..........
#....# #.#.##..###
#...@# #.#.##..# #
####....# #.#.##..#


You could see Maggie (mesmerising, strong).

Vanquished Creatures
  Edmund (D:5)
  A water moccasin (D:5)
  2 sky beasts (D:7)
  A black bear (D:6)
  3 ogres
  2 centaurs
  A phantom (D:5)
  A bullfrog (D:3)
  A water moccasin zombie (D:5)
  8 wights (D:7)
  3 howler monkeys
  A bullfrog zombie (D:5)
  A centaur zombie (D:8)
  2 hounds
  An orc priest (D:4)
  An iguana (D:5)
  Ijyb (D:4)
  A killer bee zombie (D:5)
  A hound skeleton (D:4)
  10 adders
  4 gnolls (D:5)
  A shadow imp (D:7)
  2 white imps (D:5)
  2 ufetubi
  A worm (D:2)
  A dart slug (D:1)
  4 orcs
  12 ball pythons
  6 bats
  2 endoplasms
  4 giant cockroaches
  5 goblins
  10 hobgoblins
  5 kobolds
  A quokka (D:5)
  2 rats
105 creatures vanquished.

Notes
Turn   | Place    | Note
-------+----------+-------------------------------------------
     0 | D:1      | raph the Merfolk Gladiator began the quest for the Orb.
     0 | D:1      | Reached XP level 1. HP: 16/16 MP: 1/1
    88 | D:1      | Reached skill level 5 in Polearms
   235 | D:1      | Reached XP level 2. HP: 20/22 MP: 2/2
   572 | D:1      | Found a faded altar of an unknown god.
   606 | D:1      | Prayed at the altar of an unknown god.
   606 | D:1      | Became a worshipper of Makhleb the Destroyer
   606 | D:1      | Reached * piety under Makhleb
   783 | D:1      | Reached skill level 6 in Polearms
   783 | D:1      | Reached XP level 3. HP: 27/27 MP: 3/3
  1495 | D:3      | Reached skill level 7 in Polearms
  1495 | D:3      | Reached XP level 4. HP: 32/33 MP: 4/4
  1810 | D:3      | Noticed a bullfrog
  1832 | D:3      | Killed a bullfrog
  1833 | D:3      | Reached skill level 8 in Polearms
  1833 | D:3      | Reached XP level 5. HP: 21/38 MP: 5/5
  2380 | D:4      | Reached ** piety under Makhleb
  2704 | D:4      | Reached skill level 9 in Polearms
  2844 | D:4      | Reached XP level 6. HP: 44/44 MP: 6/6
  2887 | D:4      | Found a runed translucent door.
  2887 | D:4      | Noticed MisterFreud's ghost (amateur OpCj)
  2896 | D:4      | Noticed Ijyb
  2930 | D:3      | Reached skill level 10 in Polearms
  3170 | D:4      | Killed Ijyb
  3653 | D:5      | Entered Level 5 of the Dungeon
  3769 | D:4      | Reached skill level 11 in Polearms
  3769 | D:4      | Reached XP level 7. HP: 50/50 MP: 7/7
  4085 | D:5      | Reached skill level 12 in Polearms
  4617 | D:5      | Reached XP level 8. HP: 57/57 MP: 8/8
  4645 | D:5      | Found a staircase to the Ecumenical Temple.
  4749 | D:5      | Found a bloodstained altar of Trog.
  4849 | D:5      | Reached skill level 13 in Polearms
  4849 | D:5      | Reached skill level 1 in Shields
  4849 | D:5      | Reached skill level 1 in Invocations
  5135 | D:6      | Noticed Edmund
  5136 | D:6      | Noticed Maggie
  5471 | D:5      | Killed Edmund
  5528 | D:6      | Found a glowing golden altar of the Shining One.
  5561 | D:6      | Reached skill level 1 in Armour
  5749 | D:6      | You fall into a shaft and drop 3 floors!
  5821 | D:9      | Reached skill level 5 in Dodging
  5850 | D:9      | Noticed a wyvern
  5953 | D:9      | Identified the +9 war axe of the Distant Future {pain,
                  | *Noise Drain Fly Str+7}
  6379 | D:7      | Reached XP level 9. HP: 64/65 MP: 9/11
  6826 | D:6      | Reached *** piety under Makhleb
  6929 | D:6      | Mangled by Maggie

Illustrated notes

Levels and vault maps discovered:
D:1:      saegor_arrival_simple_d, layout_rooms,
          nicolae_ecumenical_snake_handling
D:2:      layout_basic, hangedman_decor_push
D:3:      cheibrodos_old_hovel, layout_rooms, palyth_stone_intersect,
          amcnicky_mini_corridor_feature
D:4:      layout_cave_pools, hellmonk_ghost_happy_afterlife, uniq_ijyb
D:5:      layout_basic, bloody_trog, minmay_temple_entry_statues_pillars
D:6:      layout_loops_ring, lemuel_zombie_altar_kikubaaqudgha, tso_metal_star,
          serial_shops, nicolae_shop_trees, chequers_serial_rivers_small_b,
          chequers_avenue, abandoned_shop, kennysheep_pointless_box,
          uniq_edmund, uniq_maggie
D:7:      layout_loops_cross, chequers_temple_overflow_statue_of_worship,
          minmay_misc_feat_nine_boxes, uniq_joseph
D:8:      layout_loops_corners, vehumet_statue, zin_academy,
          grunt_lair_entry_orc_guard_hut, gammafunk_ghost_arena, serial_shops,
          nicolae_stop_n_shop_2
D:9:      nicolae_cairo_tiling_very_big, layout_basic

Skill      XL: |  1  2  3  4  5  6  7  8  9 |
---------------+----------------------------+-----
Polearms       | 5 6 7 8 9 11 12 13 | 13.5
Shields        | 2 |  2.9
Invocations    | 2 3 |  3.2
Fighting       | 3 4 |  4.2
Armour         | 1 2 |  2.2
Dodging        | 5 |  5.9
Throwing       | |  2.0

Action                   |  1- 3 |  4- 6 |  7- 9 || total
-------------------------+-------+-------+-------++-------
Melee: Trident           |   118 |   113 |   207 ||   438
       Punch             |       |     2 |       ||     2
       Halberd           |       |       |    47 ||    47
Throw: Dart              |       |     5 |     5 ||    10
       Throwing net      |       |     3 |     1 ||     4
  Use: Scroll            |     5 |     4 |     7 ||    16
 Stab: Held in net/web   |       |     2 |       ||     2
Armor: Leather armour    |     7 |       |       ||     7
       Ring mail         |    26 |    25 |    82 ||   133
Dodge: Dodged            |    73 |    48 |    62 ||   183
Block: Tower shield      |       |       |    76 ||    76
